 Dungeon Crawl Stone Soup version 0.23.2-30-g0e89c35649 (webtiles) character file.

Game seed: 12853958904062666942

16 postie the Ruffian (level 2, -1/24 HPs)
             Began as a Troll Wizard on June 13, 2019.
             Succumbed to a kobold's poison
             ... on level 1 of the Dungeon.
             The game lasted 00:00:36 (241 turns).

postie the Ruffian (Troll Wizard)                    Turns: 241, Time: 00:00:37

Health: -1/24      AC:  6    Str: 14    XL:     2   Next: 37%
Magic:  4/4        EV:  9    Int: 14    God:
Gold:   38         SH:  0    Dex:  8    Spells: 2/5 levels left

rFire    . . .     SeeInvis .     - Unarmed
rCold    . . .     Gourm    +   (no shield)
rNeg     . . .     Faith    .   a - +0 robe
rPois    .         Spirit   .   b - +0 hat
rElec    .         Reflect  .   (no cloak)
rCorr    .         Harm     .   (gloves unavailable)
MR       .....                  (boots unavailable)
Stlth    +.........             (no amulet)
HPRegen  0.48/turn              (no ring)
MPRegen  0.09/turn              (no ring)

@: lethally poisoned (-1 -> -11)
A: large, unfitting armour, claws 3, fast metabolism 3, gourmand, regeneration
1, shaggy fur 1, tough skin 3
a: no special abilities


You were on level 1 of the Dungeon.
You were full.

You visited 1 branch of the dungeon, and saw 1 of its levels.

You collected 38 gold pieces.

Inventory:

Armour
 a - a +0 robe (worn)
 b - a +0 hat (worn)
Scrolls
 c - a scroll of noise {unknown}
 e - a scroll of amnesia {unknown}
 f - a scroll of identify {unknown}
Comestibles
 d - 2 rations


   Skills:
 - Level 1.5 Dodging
 - Level 1.0 Stealth
 + Level 2.1 Unarmed Combat
 - Level 2.0 Spellcasting
 - Level 0.6 Conjurations
   Level 0.6 Summonings
 - Level 0.6 Translocations


You had 2 spell levels left.
You knew the following spells:

 Your Spells              Type           Power        Failure   Level  Hunger
a - Magic Dart            Conj           #...         19%         1    ##.....
b - Blink                 Tloc           N/A          28%         2    ###....

Your spell library contained the following spells:

 Spells                   Type           Power        Failure   Level  Hunger
 Call Imp                 Summ           #.......     28%         2    ###....
 Slow                     Hex            #.......     34%         2    ###....
 Conjure Flame            Conj/Fire      #.......     54%         3    ####...
 Mephitic Cloud           Conj/Pois/Air  #.......     54%         3    ####...


Dungeon Overview and Level Annotations

Branches:
Dungeon (1/15)

Altars:


Innate Abilities, Weirdness & Mutations

You are too large for most types of armour.
You have claws for hands.
Your metabolism is lightning-fast.
You like to eat raw meat.
Your natural rate of healing is unusually fast.
You are covered in fur. (AC +1)
You have extremely tough skin. (AC +3)


Message History

You are too injured to fight recklessly!
You are too injured to fight recklessly!
You are too injured to fight recklessly!
You feel very sick.
You see here a dart slug corpse.
You butcher the dart slug corpse.
You feel sick.
You see here 2 chunks of flesh.
* * * LOW HITPOINT WARNING * * *
You feel very sick.
* * * LOW HITPOINT WARNING * * *
You feel sick.
You see here 2 chunks of flesh.
You aren't carrying any potions.
* * * LOW HITPOINT WARNING * * *
You feel sick.
* * * LOW HITPOINT WARNING * * *
You feel sick.
Things that are here:
a +2 dagger of venom; a kobold corpse You die...

#.(.........(..≈≈≈≈≈≈≈≈#...###
#>...................≈≈#.#..##
##################.##.##
##.......## #.##.##
#.........# #.##...
#.........# #.#####
#.........# #.# #
##.........#######. #
.......@)......... #####
#.........%#########....
..........(###.......###
.#.[.......##........##
..........(#..>.......##
.#......................
##.......##(.........##
##....................
##.#####............#


There were no monsters in sight!

Vanquished Creatures
  2 dart slugs (D:1)
  A bat (D:1)
  3 goblins (D:1)
  2 hobgoblins (D:1)
  2 kobolds (D:1)
  A rat (D:1)
11 creatures vanquished.

Notes
Turn   | Place    | Note
-------+----------+-------------------------------------------
     0 | D:1      | postie the Troll Wizard began the quest for the Orb.
     0 | D:1      | Reached XP level 1. HP: 16/16 MP: 2/2
    24 | D:1      | Reached skill level 1 in Unarmed Combat
   180 | D:1      | Reached XP level 2. HP: 24/24 MP: 4/4
   189 | D:1      | Learned a level 2 spell: Blink
   240 | D:1      | HP: 1/24 [poisoned by a kobold]
   241 | D:1      | Succumbed to a kobold's poison

Skill      XL: |  1  2 |
---------------+-------+-----
Unarmed Combat | 1 2 |  2.1
Dodging        | |  1.5
Stealth        | |  1.0
Spellcasting   | |  2.0
Conjurations   | |  0.6
Summonings     | |  0.6
Translocations | |  0.6

Action                   || total
-------------------------++-------
Melee: Unarmed           ||    29
  Eat: Chunk             ||     5
Armor: Robe              ||    11
Dodge: Dodged            ||    19
